| TOP OF THE 1ST |
|
Danville Braves batting - Pitching for San Francisco (APP) Giants : RHP Carlos Solis
|
|
Pitching: RHP Carlos Solis
|
|
|
Batting: RHB Danny Dimas
|
0-0: Swinging Strike 0-1: Ball 1-1: Ball 2-1: Swinging Strike 2-2: Fly out, F7 (Flyball, 78S, EV 92.5 MPH)
|
|
Batting: RHB Mennad Maalik
|
0-0: Called Strike 0-1: Ball 1-1: Ball 2-1: Foul Ball, location: 2F 2-2: Strikes out swinging
|
|
Batting: RHB Rodolfo Cosme
|
0-0: Ball 1-0: Ball 2-0: Ball 3-0: Foul Ball, location: 2F 3-1: Called Strike 3-2: Base on Balls
|
|
Batting: RHB Paul Holland
|
0-0: Called Strike Rodolfo Cosme is caught stealing 2nd base 2-4
|
| Top of the 1st over - 0 runs, 0 hits, 0 errors, 0 left on base; Danville 0 - San Francisco (APP) 0 |
| BOTTOM OF THE 1ST |
|
San Francisco (APP) Giants batting - Pitching for Danville Braves : RHP Bill Marshall
|
|
Pitching: RHP Bill Marshall
|
|
|
Batting: RHB Vinny Torres
|
0-0: Ball 1-0: Foul Ball, location: 2F 1-1: Ball 2-1: Foul Ball, location: 2F 2-2: Ball 3-2: Foul Ball, location: 2F 3-2: Foul Ball, location: 2F 3-2: Foul Ball, location: 2F 3-2: Foul Ball, location: 2F 3-2: Base on Balls
|
|
Batting: RHB Edwin Verdugo
|
0-0: Called Strike 0-1: Ball 1-1: Foul Ball, location: 2F 1-2: Fly out, F9 (Flyball, 89M, EV 93.8 MPH)
|
|
Batting: RHB Coen Dirks
|
0-0: Ball 1-0: Called Strike 1-1: Ball 2-1: Called Strike 2-2: DOUBLE (Groundball, 5L, EV 107.5 MPH) Vinny Torres to third Runner from 3rd tries for Home, throw by LF and OUT! 7-6-2
|
|
Batting: RHB Zach Maguire
|
0-0: Ball 1-0: Ball 2-0: Foul Ball, location: 2F 2-1: 2-RUN HOME RUN (Flyball, 9LD, EV 96.9 MPH), Distance : 352 ft
|
|
Batting: LHB Kuan Hsia
|
0-0: Ball 1-0: Ball 2-0: Ball 3-0: Called Strike 3-1: Base on Balls
|
|
Batting: RHB Jaime Rios
|
0-0: Ground out 4-3 (Groundball, 4, EV 84.4 MPH)
|
| Bottom of the 1st over - 2 runs, 2 hits, 0 errors, 1 left on base; Danville 0 - San Francisco (APP) 2 |
| TOP OF THE 2ND |
|
Danville Braves batting - Pitching for San Francisco (APP) Giants : RHP Carlos Solis
|
|
Batting: RHB Paul Holland
|
0-0: Foul Ball, location: 2F 0-1: Ball 1-1: Ground out 6-3 (Groundball, 6, EV 84.4 MPH)
|
|
Batting: RHB Ricardo Joya
|
0-0: Ball 1-0: Ball 2-0: Foul Ball, location: 2F 2-1: Foul Ball, location: 2F 2-2: Fly out, F7 (Line Drive, 7, EV 93.8 MPH)
|
|
Batting: RHB Bart Stevensdick
|
0-0: Ball 1-0: Ball 2-0: Ball 3-0: Base on Balls
|
|
Batting: RHB Alex Guerra
|
0-0: Ball Wild Pitch! Bart Stevensdick to second 1-0: Ball 2-0: Foul Ball, location: 2F 2-1: Foul Ball, location: 2F 2-2: Ball 3-2: Base on Balls
|
|
Batting: RHB Aaron Sartini
|
0-0: Called Strike 0-1: Foul Ball, location: 2F 0-2: Ball 1-2: Ball 2-2: Strikes out swinging
|
| Top of the 2nd over - 0 runs, 0 hits, 0 errors, 2 left on base; Danville 0 - San Francisco (APP) 2 |
| BOTTOM OF THE 2ND |
|
San Francisco (APP) Giants batting - Pitching for Danville Braves : RHP Bill Marshall
|
|
Batting: RHB Alex Peguero
|
0-0: Foul Ball, location: 2F 0-1: DOUBLE (Flyball, 8RXD, EV 103.1 MPH)
|
|
Batting: RHB Noe Oliva
|
0-0: DOUBLE (Line Drive, 9LM, EV 105.0 MPH) Alex Peguero scores
|
|
Batting: RHB Chris Kulik
|
0-0: Called Strike 0-1: Foul Ball, location: 2F 0-2: Strikes out looking
|
|
Batting: RHB Vinny Torres
|
0-0: Called Strike 0-1: Swinging Strike 0-2: Ball 1-2: Ball 2-2: Foul Ball, location: 2F 2-2: Ball 3-2: Base on Balls
|
|
Batting: RHB Edwin Verdugo
|
0-0: Called Strike Noe Oliva steals 3rd base Vinny Torres to second 0-1: Ball 1-1: Called Strike 1-2: Ball 2-2: Ball 3-2: Base on Balls
|
|
Batting: RHB Coen Dirks
|
0-0: Fielders Choice at 2nd, 6-4 (Groundball, 6MD, EV 88.1 MPH) Noe Oliva scores Vinny Torres to third
|
|
Batting: RHB Zach Maguire
|
0-0: Ball 1-0: Swinging Strike 1-1: Ball 2-1: Ball Wild Pitch! Vinny Torres scores Coen Dirks to second 3-1: Base on Balls
|
|
Pitching: LHP Jimmy Bolton
|
|
|
Batting: LHB Kuan Hsia
|
0-0: Ball 1-0: Ball 2-0: Swinging Strike 2-1: Called Strike 2-2: Strikes out swinging
|
| Bottom of the 2nd over - 3 runs, 2 hits, 0 errors, 2 left on base; Danville 0 - San Francisco (APP) 5 |
| TOP OF THE 3RD |
|
Danville Braves batting - Pitching for San Francisco (APP) Giants : RHP Carlos Solis
|
|
Batting: RHB Chad Starnes
|
0-0: Called Strike 0-1: Swinging Strike 0-2: Foul Ball, location: 2F 0-2: Ball 1-2: Strikes out looking
|
|
Batting: RHB Danny Dimas
|
0-0: Ground out 5-3 (Groundball, 56, EV 86.9 MPH)
|
|
Batting: RHB Mennad Maalik
|
0-0: Ground out 1-3 (Groundball, 13S, EV 65.0 MPH)
|
| Top of the 3rd over - 0 runs, 0 hits, 0 errors, 0 left on base; Danville 0 - San Francisco (APP) 5 |
| BOTTOM OF THE 3RD |
|
San Francisco (APP) Giants batting - Pitching for Danville Braves : LHP Jimmy Bolton
|
|
Batting: RHB Jaime Rios
|
0-0: Ball 1-0: Ball 2-0: Ball 3-0: Called Strike 3-1: Foul Ball, location: 2F 3-2: SINGLE (Line Drive, 34, EV 96.2 MPH)
|
|
Batting: RHB Alex Peguero
|
0-0: Ball 1-0: Ball 2-0: Foul Ball, location: 2F 2-1: Foul Ball, location: 2F 2-2: Foul Ball, location: 2F 2-2: SINGLE (Groundball, 56D, EV 96.9 MPH) Jaime Rios to second
|
|
Batting: RHB Noe Oliva
|
0-0: Called Strike 0-1: Called Strike 0-2: Foul Ball, location: 2F 0-2: Ball 1-2: Strikes out swinging
|
|
Batting: RHB Chris Kulik
|
0-0: Foul Ball, location: 2F 0-1: Ball 1-1: Foul Ball, location: 2F 1-2: Foul Ball, location: 2F 1-2: Foul Ball, location: 2F 1-2: Ball 2-2: Strikes out looking
|
|
Batting: RHB Vinny Torres
|
0-0: Called Strike 0-1: Called Strike 0-2: Hit by Pitch Jaime Rios to third Alex Peguero to second
|
|
Batting: RHB Edwin Verdugo
|
0-0: Ball 1-0: Ball 2-0: Ball 3-0: Base on Balls Jaime Rios scores Alex Peguero to third Vinny Torres to second
|
|
Batting: RHB Coen Dirks
|
0-0: DOUBLE (Line Drive, 78D, EV 107.5 MPH) Alex Peguero scores Vinny Torres scores Edwin Verdugo to third
|
|
Batting: RHB Zach Maguire
|
0-0: Ball 1-0: Ball 2-0: Called Strike 2-1: Called Strike 2-2: Foul Ball, location: 2F 2-2: Ball 3-2: SINGLE (Groundball, 6MS, EV 68.1 MPH) (infield hit) Edwin Verdugo scores Coen Dirks to third
|
|
Batting: LHB Kuan Hsia
|
0-0: Ground out 4-3 (Groundball, 34, EV 84.4 MPH)
|
| Bottom of the 3rd over - 4 runs, 4 hits, 0 errors, 2 left on base; Danville 0 - San Francisco (APP) 9 |
| TOP OF THE 4TH |
|
Danville Braves batting - Pitching for San Francisco (APP) Giants : RHP Carlos Solis
|
|
Batting: RHB Rodolfo Cosme
|
0-0: Called Strike 0-1: Foul Ball, location: 2F 0-2: Ball 1-2: Ball 2-2: Ball 3-2: Foul Ball, location: 2F 3-2: Strikes out looking
|
|
Batting: RHB Paul Holland
|
0-0: Ball 1-0: Ball 2-0: Ground out 6-3 (Groundball, 6, EV 85.0 MPH)
|
|
Batting: RHB Ricardo Joya
|
0-0: Ball 1-0: Foul Ball, location: 2F 1-1: Foul Ball, location: 2F 1-2: Ball 2-2: Ball 3-2: Strikes out swinging
|
| Top of the 4th over - 0 runs, 0 hits, 0 errors, 0 left on base; Danville 0 - San Francisco (APP) 9 |
| BOTTOM OF THE 4TH |
|
San Francisco (APP) Giants batting - Pitching for Danville Braves : LHP Jimmy Bolton
|
|
Batting: RHB Jaime Rios
|
0-0: Ball 1-0: Ball 2-0: Called Strike 2-1: Ball 3-1: Base on Balls
|
|
Batting: RHB Alex Peguero
|
0-0: Called Strike Passed Ball! Jaime Rios to second 0-1: Called Strike 0-2: Ball 1-2: Strikes out swinging
|
|
Pitching: RHP Marc Focht
|
|
|
Batting: RHB Noe Oliva
|
0-0: Fly out, F7 (Flyball, 7S, EV 72.5 MPH)
|
|
Batting: RHB Chris Kulik
|
0-0: Ball 1-0: Called Strike 1-1: Ball Wild Pitch! Jaime Rios to third 2-1: Ball 3-1: SINGLE (Flyball, 3D, EV 93.1 MPH) Jaime Rios scores
|
|
Batting: RHB Vinny Torres
|
0-0: Ground out 6-3 (Groundball, 6MS, EV 68.8 MPH)
|
| Bottom of the 4th over - 1 run, 1 hit, 0 errors, 1 left on base; Danville 0 - San Francisco (APP) 10 |
| TOP OF THE 5TH |
|
Danville Braves batting - Pitching for San Francisco (APP) Giants : RHP Carlos Solis
|
|
Batting: RHB Bart Stevensdick
|
0-0: Ball 1-0: Called Strike 1-1: Fly out, F6 (Popup, 6M, EV 73.1 MPH)
|
|
Batting: RHB Alex Guerra
|
0-0: Swinging Strike 0-1: Ball 1-1: Foul Ball, location: 2F 1-2: Foul Ball, location: 2F 1-2: Ball 2-2: Ball 3-2: Strikes out swinging
|
|
Batting: RHB Aaron Sartini
|
0-0: Ball 1-0: Ball 2-0: Called Strike 2-1: Foul Ball, location: 2F 2-2: Strikes out swinging
|
| Top of the 5th over - 0 runs, 0 hits, 0 errors, 0 left on base; Danville 0 - San Francisco (APP) 10 |
| BOTTOM OF THE 5TH |
|
San Francisco (APP) Giants batting - Pitching for Danville Braves : RHP Marc Focht
|
|
Batting: RHB Edwin Verdugo
|
0-0: Ball 1-0: Ball 2-0: Ball 3-0: Called Strike 3-1: Base on Balls
|
|
Batting: RHB Coen Dirks
|
0-0: Ball 1-0: Called Strike 1-1: Ball 2-1: Ball 3-1: Base on Balls Edwin Verdugo to second
|
|
Batting: RHB Zach Maguire
|
0-0: Ball 1-0: Foul Ball, location: 2F 1-1: Fly out, F8 (Line Drive, 89M, EV 91.2 MPH)
|
|
Batting: LHB Kuan Hsia
|
0-0: Ball 1-0: Foul Ball, location: 2F 1-1: Swinging Strike 1-2: Ball 2-2: Ball 3-2: Base on Balls Edwin Verdugo to third Coen Dirks to second
|
|
Batting: RHB Jaime Rios
|
0-0: Ball 1-0: Ball 2-0: Called Strike 2-1: SINGLE (Line Drive, 8LS, EV 95.6 MPH) Edwin Verdugo scores Coen Dirks to third Kuan Hsia to second Runner from 3rd tries for Home, SAFE, throw by CF to home
|
|
Batting: RHB Alex Peguero
|
0-0: DOUBLE (Line Drive, 9LS, EV 97.5 MPH) Kuan Hsia scores Jaime Rios to third
|
|
Batting: RHB Noe Oliva
|
0-0: Called Strike 0-1: Called Strike 0-2: Ball 1-2: Ball 2-2: Reached on error, E5 (Groundball, 56S, EV 89.4 MPH) Jaime Rios scores Alex Peguero scores
|
|
Pitching: RHP Aaron Frey
|
|
|
Batting: RHB Chris Kulik
|
0-0: Ball 1-0: Hit by Pitch
|
|
Batting: RHB Vinny Torres
|
0-0: Ball 1-0: Called Strike 1-1: Foul Ball, location: 2F 1-2: Foul Ball, location: 2F 1-2: Foul Ball, location: 2F 1-2: Strikes out swinging
|
|
Batting: RHB Edwin Verdugo
|
0-0: Called Strike 0-1: Foul Ball, location: 2F 0-2: Ball 1-2: Ball 2-2: Ball 3-2: 3-RUN HOME RUN (Flyball, 7D, EV 101.9 MPH), Distance : 386 ft
|
|
Batting: RHB Coen Dirks
|
0-0: Fly out, F9 (Flyball, 9, EV 89.4 MPH)
|
| Bottom of the 5th over - 8 runs, 3 hits, 1 error, 0 left on base; Danville 0 - San Francisco (APP) 18 |
| TOP OF THE 6TH |
|
Danville Braves batting - Pitching for San Francisco (APP) Giants : RHP Carlos Solis
|
|
Pitching: RHP Danny Estrada
|
|
|
Batting: RHB Chad Starnes
|
0-0: Called Strike 0-1: Ball 1-1: Foul Ball, location: 2F 1-2: Ball 2-2: Ball 3-2: Ground out 4-3 (Groundball, 4, EV 100.6 MPH)
|
|
Batting: RHB Danny Dimas
|
0-0: Ball 1-0: Foul Ball, location: 2F 1-1: SINGLE (Groundball, 4, EV 108.8 MPH)
|
|
Batting: RHB Mennad Maalik
|
0-0: Ball Wild Pitch! Danny Dimas to second 1-0: Foul Ball, location: 2F 1-1: Foul Ball, location: 2F 1-2: Ground out 4-3 (Groundball, 34, EV 105.0 MPH) Danny Dimas to third
|
|
Batting: RHB Rodolfo Cosme
|
0-0: Ball 1-0: Ball 2-0: Ground out 6-3 (Groundball, 6, EV 89.4 MPH)
|
| Top of the 6th over - 0 runs, 1 hit, 0 errors, 1 left on base; Danville 0 - San Francisco (APP) 18 |
| BOTTOM OF THE 6TH |
|
San Francisco (APP) Giants batting - Pitching for Danville Braves : RHP Aaron Frey
|
|
Batting: RHB Zach Maguire
|
0-0: Ball 1-0: SOLO HOME RUN (Flyball, 7D, EV 99.4 MPH), Distance : 397 ft
|
|
Batting: LHB Kuan Hsia
|
0-0: Called Strike 0-1: DOUBLE (Line Drive, 9LM, EV 93.8 MPH)
|
|
Batting: RHB Jaime Rios
|
0-0: Ball 1-0: Ball 2-0: Called Strike 2-1: Swinging Strike 2-2: Foul Ball, location: 2F 2-2: Ball 3-2: DOUBLE (Line Drive, 78XD, EV 113.1 MPH) Kuan Hsia scores
|
|
Pitching: LHP Joel Littlejohn
|
|
|
Batting: RHB Alex Peguero
|
0-0: Ball 1-0: Ball 2-0: Foul Ball, location: 2F 2-1: Ball 3-1: Base on Balls
|
|
Batting: RHB Noe Oliva
|
0-0: Called Strike 0-1: Ball 1-1: Ball 2-1: Foul Ball, location: 2F 2-2: Foul Ball, location: 2F 2-2: DOUBLE (Flyball, 89D, EV 98.8 MPH) Jaime Rios scores Alex Peguero to third
|
|
Batting: RHB Chris Kulik
|
0-0: Ball 1-0: Ball 2-0: Called Strike 2-1: Ball 3-1: Foul Ball, location: 2F 3-2: Base on Balls
|
|
Batting: RHB Vinny Torres
|
0-0: Called Strike 0-1: Ball 1-1: Swinging Strike 1-2: Ball 2-2: GRAND SLAM HOME RUN (Flyball, 7D, EV 97.5 MPH), Distance : 392 ft
|
|
Pitching: RHP Alex Rosales
|
|
|
Batting: RHB Edwin Verdugo
|
0-0: Ground out 4-3 (Groundball, 34, EV 83.1 MPH)
|
|
Batting: RHB Coen Dirks
|
0-0: Called Strike 0-1: Ball 1-1: Ball 2-1: Ball 3-1: Base on Balls
|
|
Batting: RHB Zach Maguire
|
0-0: Called Strike 0-1: Called Strike 0-2: Foul Ball, location: 2F 0-2: Ball 1-2: Strikes out swinging
|
|
Batting: LHB Kuan Hsia
|
0-0: Ball 1-0: Called Strike 1-1: Ball 2-1: TRIPLE (Line Drive, 89XD, EV 110.0 MPH) Coen Dirks scores
|
|
Batting: RHB Jaime Rios
|
0-0: Foul Ball, location: 2F 0-1: Ball 1-1: Fly out, F7 (Line Drive, 7LM, EV 108.1 MPH)
|
| Bottom of the 6th over - 8 runs, 6 hits, 0 errors, 1 left on base; Danville 0 - San Francisco (APP) 26 |
| TOP OF THE 7TH |
|
Danville Braves batting - Pitching for San Francisco (APP) Giants : RHP Danny Estrada
|
|
Batting: RHB Paul Holland
|
0-0: Ball 1-0: Called Strike 1-1: Ball 2-1: TRIPLE (Line Drive, 78XD, EV 100.0 MPH)
|
|
Batting: RHB Ricardo Joya
|
0-0: Foul Ball, location: 2F 0-1: Ball Wild Pitch! Paul Holland scores 1-1: Foul Ball, location: 2F 1-2: Ball 2-2: Ball 3-2: Foul Ball, location: 2F 3-2: Foul Ball, location: 2F 3-2: Base on Balls
|
|
Pitching: LHP Jason Haas
|
|
|
Batting: RHB Bart Stevensdick
|
0-0: Ball 1-0: Foul Ball, location: 2F 1-1: Called Strike 1-2: Strikes out swinging
|
|
Batting: RHB Alex Guerra
|
0-0: Foul Ball, location: 2F 0-1: Ball 1-1: Ball 2-1: Ball 3-1: Base on Balls Ricardo Joya to second
|
|
Batting: RHB Aaron Sartini
|
0-0: Grounds into double play, 6-4-3 (Groundball, 6, EV 100.6 MPH)
|
| Top of the 7th over - 1 run, 1 hit, 0 errors, 1 left on base; Danville 1 - San Francisco (APP) 26 |
| BOTTOM OF THE 7TH |
|
San Francisco (APP) Giants batting - Pitching for Danville Braves : RHP Alex Rosales
|
|
Batting: RHB Alex Peguero
|
0-0: Ball 1-0: Ground out 4-3 (Groundball, 4, EV 87.5 MPH)
|
|
Pinch Hitting: RHB Rúbem Trancoso
|
0-0: Ball 1-0: Swinging Strike 1-1: Ball 2-1: Swinging Strike 2-2: SOLO HOME RUN (Flyball, 7D, EV 98.1 MPH), Distance : 388 ft
|
|
Batting: RHB Chris Kulik
|
0-0: Ball 1-0: Fly out, F9 (Flyball, 89S, EV 85.6 MPH)
|
|
Pinch Hitting: RHB Malik Sharpless
|
0-0: Ball 1-0: Foul Ball, location: 2F 1-1: Ground out 6-3 (Groundball, 6, EV 85.0 MPH)
|
| Bottom of the 7th over - 1 run, 1 hit, 0 errors, 0 left on base; Danville 1 - San Francisco (APP) 27 |
| TOP OF THE 8TH |
|
Danville Braves batting - Pitching for San Francisco (APP) Giants : LHP Jason Haas
|
|
Now in LF: Rúbem Trancoso
|
|
|
Now in CF: Cedric Sweep
|
|
|
Batting: RHB Chad Starnes
|
0-0: Called Strike 0-1: Ball 1-1: Foul Ball, location: 2F 1-2: Ball 2-2: Strikes out swinging
|
|
Batting: RHB Danny Dimas
|
0-0: Ball 1-0: Called Strike 1-1: Foul Ball, location: 2F 1-2: SINGLE (Groundball, 4MD, EV 102.5 MPH)
|
|
Batting: RHB Mennad Maalik
|
0-0: Called Strike 0-1: Ball 1-1: Fly out, F9 (Line Drive, 89M, EV 93.1 MPH)
|
|
Pitching: RHP Kip Connolly
|
|
|
Batting: RHB Rodolfo Cosme
|
0-0: Swinging Strike 0-1: Ball 1-1: Swinging Strike 1-2: Ball 2-2: Ball 3-2: Foul Ball, location: 2F 3-2: Strikes out looking
|
| Top of the 8th over - 0 runs, 1 hit, 0 errors, 1 left on base; Danville 1 - San Francisco (APP) 27 |
| BOTTOM OF THE 8TH |
|
San Francisco (APP) Giants batting - Pitching for Danville Braves : RHP Alex Rosales
|
|
Batting: RHB Edwin Verdugo
|
0-0: Called Strike 0-1: Ball 1-1: Ball 2-1: Foul Ball, location: 2F 2-2: Foul Ball, location: 2F 2-2: Strikes out swinging
|
|
Batting: RHB Coen Dirks
|
0-0: Called Strike 0-1: Ground out 6-3 (Groundball, 6, EV 86.9 MPH)
|
|
Batting: RHB Zach Maguire
|
0-0: Foul Ball, location: 2F 0-1: Ball 1-1: Fly out, F7 (Flyball, 7S, EV 89.4 MPH)
|
| Bottom of the 8th over - 0 runs, 0 hits, 0 errors, 0 left on base; Danville 1 - San Francisco (APP) 27 |
| TOP OF THE 9TH |
|
Danville Braves batting - Pitching for San Francisco (APP) Giants : RHP Kip Connolly
|
|
Batting: RHB Paul Holland
|
0-0: Ball 1-0: Called Strike 1-1: Ball 2-1: Called Strike 2-2: Ground out 6-3 (Groundball, 6, EV 85.0 MPH)
|
|
Batting: RHB Ricardo Joya
|
0-0: Called Strike 0-1: Ball 1-1: Ball 2-1: Ball 3-1: Base on Balls
|
|
Pinch Hitting: RHB Richard Saquic
|
0-0: Ball 1-0: Ball 2-0: Ball 3-0: Called Strike 3-1: Base on Balls Ricardo Joya to second
|
|
Pitching: RHP Corey Foster
|
|
|
Batting: RHB Alex Guerra
|
0-0: Fielders Choice at 2nd, 6-4 (Groundball, 6, EV 102.5 MPH) Ricardo Joya to third
|
|
Pinch Hitting: RHB Jesus Diego
|
0-0: Swinging Strike 0-1: Ground out 4-3 (Groundball, 13, EV 78.1 MPH)
|
| Top of the 9th over - 0 runs, 0 hits, 0 errors, 2 left on base; Danville 1 - San Francisco (APP) 27 |
|